 Dungeon Crawl Stone Soup version 0.14-a0-1719-ga7e7698 (webtiles) character file.

107 Psiweapon the Charlatan (level 3, -2/23 HPs)
             Began as an Octopode Artificer on Jan 2, 2014.
             Was an Initiate of Nemelex Xobeh.
             Slain by an orc wizard
             ... wielding a -1,+4 orcish dagger of draining
              (3 damage)
             ... while paralysed by a potion of paralysis
             ... on Level 3 of the Dungeon.
             The game lasted 00:08:31 (1807 turns).

Psiweapon the Charlatan (Octopode Artificer)        Turns: 1807, Time: 00:08:31

HP  -2/23        AC  1     Str 15      XL: 3   Next: 75%
MP   4/4         EV  2     Int 14      God: Nemelex Xobeh [......]
Gold 58          SH  0     Dex 13      Spells:  0 memorised,  2 levels left

rFire  . . .     SeeInvis .     a - +0 short sword
rCold  . . .     Clarity  .     (no shield)
rNeg   . . .     Conserve .     (helmet restricted)
rPois  .         rCorr    .     (no amulet)
rElec  .         rRot     .     (no ring)
SustAb . .       Spirit   .     (no ring)
rMut   .         Warding  .     (no ring)
Saprov . . .     Stasis   .     (no ring)
                                (no ring)
                                (no ring)
                                (no ring)
                                (no ring)

@: paralysed, mighty, not resistant to hostile enchantments, quite stealthy
A: almost no armour, amphibious, 8 rings, constrict 8, camouflage 1, gelatinous
body 1
a: Renounce Religion


You were on level 3 of the Dungeon.
You worshipped Nemelex Xobeh.
Nemelex Xobeh was noncommittal.
You were hungry.

You visited 2 branches of the dungeon, and saw 5 of its levels.

You collected 58 gold pieces.

Inventory:

Hand weapons
 a - a +0,+0 short sword (weapon)
 g - a +2,+2 trident of dragon slaying
 t - a +0,+1 orcish dagger
Missiles
 i - 15 sling bullets
 k - 7 tomahawks (quivered)
Magical devices
 b - a wand of flame (14)
 c - a wand of enslavement (15)
 d - a wand of random effects (15)
Comestibles
 f - 2 bread rations
 r - a choko
 z - a rotting chunk of bat flesh
 A - a meat ration
Scrolls
 j - a scroll of recharging
 n - a scroll of noise {unknown}
 s - a scroll of random uselessness {unknown}
 w - a scroll of remove curse {unknown}
Jewellery
 e - an uncursed ring of ice
 v - an uncursed amulet of inaccuracy {unknown}
 y - an uncursed amulet of guardian spirit {unknown}
Potions
 m - a potion of blood
 x - a potion of invisibility {unknown}
Miscellaneous
 l - a plain deck of summonings {drawn: 3}


   Skills:
 - Level 1.0 Fighting
 + Level 1.9 Short Blades
 + Level 2.8 Dodging
 + Level 2.6 Stealth
 + Level 3.6 Evocations


You had 2 spell levels left.
You didn't know any spells.

Dungeon Overview and Level Annotations

Branches:
Dungeon (4/16)             Temple (1/1) D:4

Altars:
Ashenzari
Cheibriados
Kikubaaqudgha
Makhleb
Nemelex Xobeh
Okawaru
Sif Muna
Yredelemnul
Zin
the Shining One

Annotations:
D:2 Sigmund


Innate Abilities, Weirdness & Mutations

You cannot wear most types of armour.
You are amphibious.
You can wear up to eight rings at the same time.
You can use your tentacles to constrict many enemies at once.
Your skin changes colour to match your surroundings (Stlth).
Your rubbery body absorbs attacks (AC +1).


Message History

Your crimson imp dies!
The orc hits you with an orcish flail!
Unknown command.
You closely miss the orc. You grab the orc. You constrict the orc.
You barely miss the orc.
The orc is moderately wounded.
You constrict the orc. The orc hits you with an orcish flail!
* * * LOW HITPOINT WARNING * * *
The orc wizard mumbles some strange words.
You feel troubled.
Drink which item? (? for menu, Esc to quit)
You feel very mighty all of a sudden.
It was a potion of might.
You constrict the orc.
You kill the orc!
An orc comes into view. It is wielding an orcish flail.
Drink which item? (? for menu, Esc to quit)
You suddenly lose the ability to move!
It was a potion of paralysis.
The orc wizard hits you with a runed orcish dagger.
You die...
Your body disappears without a glow.

### #.#######
#.....#..
#.###.#.#
################.#
#.#.#
.o..Kog.o@.......#
#.#.#
.#################
#.#.##. #......
#...##. #......
#...##.
..####...###
............
...###...###


You could see an orc wizard, 2 orcs, a hobgoblin and a kobold.

Vanquished Creatures
  An adder (D:2)
  A giant gecko (D:3)
  An ooze (D:1)
  An orc (D:3)
  6 bats
  A giant cockroach (D:1)
  4 goblins
  4 hobgoblins
  2 jackals (D:1)
  6 kobolds
  3 giant newts
  5 rats
35 creatures vanquished.

Vanquished Creatures (collateral kills)
  An orc (D:3)
1 creature vanquished.

Vanquished Creatures (others)
  A dancing weapon (D:3)
  A crimson imp (D:3)
  A white imp (D:3)
  A quokka (D:2)
4 creatures vanquished.

Grand Total: 40 creatures vanquished

Notes
Turn   | Place    | Note
--------------------------------------------------------------
     0 | D:1      | Psiweapon, the Octopode Artificer, began the quest for the Orb.
     0 | D:1      | Reached XP level 1. HP: 13/13 MP: 1/1
   328 | D:1      | Reached XP level 2. HP: 13/18 MP: 3/3
   923 | D:1      | Reached XP level 3. HP: 23/23 MP: 4/4
  1589 | D:2      | Noticed Sigmund
  1655 | D:4      | Found a staircase to the Ecumenical Temple.
  1670 | Temple   | Entered the Ecumenical Temple
  1717 | Temple   | Became a worshipper of Nemelex Xobeh
  1760 | D:3      | Received a gift from Nemelex Xobeh
  1805 | D:3      | HP: 1/23 [orc/orcish flail (10)]
  1807 | D:3      | Paralysed by a potion of paralysis for 3 turns
  1807 | D:3      | Slain by an orc wizard

Action                   || total
-------------------------++-------
Melee: Short sword       ||    60
       Dagger            ||    15
Throw: Tomahawk          ||     4
Evoke: Wand              ||     1
       Deck              ||     3
  Use: Potion            ||     2
 Stab: Sleeping          ||     5
